 Dungeon Crawl Stone Soup version 0.30-a0-739-gea05faddec (webtiles) character file.

Game seed: 8526428248023567145

872 bande the Chopper (level 8, -5/48 HPs)
             Began as a Gargoyle Fighter on Feb 5, 2023.
             Slain by a slime creature (10 damage)
             ... on level 6 of the Dungeon.
             The game lasted 00:07:39 (4650 turns).

bande the Chopper (Gargoyle Fighter)                Turns: 4650, Time: 00:07:40

Health: -5/48      AC: 14    Str: 21    XL:     8   Next: 4%
Magic:  8/8        EV:  6    Int:  8    God:
Gold:   205        SH:  5    Dex: 13    Spells: 7/7 levels left

rFire   . . .      SeeInvis .    a - +1 war axe
rCold   . . .      Faith    .    c - +0 buckler
rNeg    + + +      Spirit   .    n - +2 plate armour of Perfidy {+Blink rN++ Dex+2}
rPois   ∞          Reflect  .    (no helmet)
rElec   +          Harm     .    (no cloak)
rCorr   .          Rampage  .    f - +1 pair of gloves
Will    .....                    (no boots) Stlth
                                 (no amulet)
HPRegen 0.28/turn                (no ring)
MPRegen 0.11/turn                (no ring)

@: corroded
A: sickness immunity, AC +5, negative energy resistance 1, electricity
resistance, torment resistance 1, petrification resistance
a: Evoke Blink


You were on level 6 of the Dungeon.
You visited 1 branch of the dungeon, and saw 6 of its levels.

You collected 205 gold pieces.

Inventory:

Hand Weapons
 a - a +1 war axe (weapon)
 l - a +0 war axe
 p - a +0 flail
Armour
 c - a +0 buckler (worn)
 f - a +1 pair of gloves (worn)
 n - the +2 plate armour of Perfidy (worn) {+Blink rN++ Dex+2}
   (You found it on level 3 of the Dungeon)

   Dex:       It affects your dexterity (+2).
   rN:        It greatly protects you from negative energy.
   +Blink:    It lets you blink.
Jewellery
 k - a ring of willpower
 o - a ring of fire
Wands
 e - a wand of quicksilver (15)
 r - a wand of roots (10)
Scrolls
 h - a scroll of enchant weapon
 j - a scroll of enchant armour
Potions
 b - a potion of berserk rage {unknown}
 d - a potion of might
 g - a potion of heal wounds
 i - 3 potions of curing
 m - a potion of lignification {unknown}
 q - a potion of ambrosia {unknown}


   Skills:
 + Level 4.9 Fighting
 + Level 5.5 Axes
 + Level 5.1 Armour
 + Level 0.1 Stealth
 + Level 4.2 Shields
 * Level 3.1 Evocations


You had 7 spell levels left.
You didn't know any spells.
Your spell library contained the following spells:

 Spells                   Type           Power      Damage    Failure   Level
 Sting                    Tmut/Pois      0%         1d3       100%        1
 Poisonous Vapours        Pois/Air       0%         N/A       100%        2
 Ignite Poison            Fire/Tmut/Pois 0%         N/A       100%        3
 Kindle Blastsparks       Fire/Tloc/Air  0%         2d10      100%        3
 Ozocubu's Armour         Ice            0%         N/A       100%        3
 Animate Dead             Necr           0%         N/A       100%        4
 Olgreb's Toxic Radiance  Pois           0%         N/A       100%        4
 Borgnjor's Vile Clutch   Necr/Erth      0%         N/A       100%        5
 Freezing Cloud           Conj/Ice/Air   0%         6-21      100%        5
 Death Channel            Necr           0%         N/A       100%        6
 Ozocubu's Refrigeration  Ice            0%         4d7       100%        7


Dungeon Overview and Level Annotations

Branches:
Dungeon (6/15)
 Temple: D:4-7

Altars:
Fedhas
Trog


Innate Abilities, Weirdness & Mutations

You are immune to sickness and miasma.
Your stone body is resilient. (AC +5)
You are immune to poison.
You resist negative energy. (rN+)
You are resistant to electric shocks. (rElec)
You are resistant to unholy torment.
You are immune to petrification.


Message History

The slime creature hits you but does no damage.
Unknown command.
You barely miss the slime creature.
The slime creature is lightly wounded.
The slime creature hits you!
* * * LOW HITPOINT WARNING * * *
The slime creature hits you.
* * * LOW HITPOINT WARNING * * *
You hit the slime creature but do no damage.
The slime creature is lightly wounded.
The slime creature barely misses you.
You hit the slime creature.
The slime creature is moderately wounded.
The slime creature hits you but does no damage.
You feel much better. The slime creature hits you.
You hit the slime creature.
The slime creature is moderately wounded.
The slime creature hits you but does no damage.
You hit the slime creature but do no damage.
The slime creature is moderately wounded.
The slime creature hits you! x2
* * * LOW HITPOINT WARNING * * *
You hit the slime creature but do no damage.
The slime creature is moderately wounded.
You block the slime creature's attack.
You hit the slime creature.
The slime creature is moderately wounded.
You block the slime creature's attack.
You slash the slime creature!
The slime creature is heavily wounded.
The slime creature hits you!
* * * LOW HITPOINT WARNING * * *
You slash the slime creature!
The slime creature is heavily wounded.
You block the slime creature's attack.
The slime creature hits you but does no damage.
You hit the slime creature.
The slime creature is severely wounded.
The slime creature hits you!
You die...

##
.####
....
..#
#J#
#@#
#.#
#.#
#..
###


You could see a slime creature.

Vanquished Creatures
  2 black bears (D:4)
  A centaur (D:5)
  2 kobold brigands (D:5)
  A necrophage (D:4)
  2 jellies (D:6)
  A gnoll bouda (D:4)
  Jessica (D:3)
  Terence (D:3)
  Natasha (thrice) (D:2)
  4 adders
  8 gnolls
  3 worms
  9 orcs
  6 bats
  6 endoplasms
  3 giant cockroaches
  8 goblins
  4 hobgoblins
  10 kobolds
  4 quokkas
  5 ball pythons
  A frilled lizard (D:2)
  7 rats
92 creatures vanquished.

Vanquished Creatures (others)
  8 fungi (D:5)
  5 toadstools (D:5)
13 creatures vanquished.

Grand Total: 105 creatures vanquished

Notes
Turn   | Place    | Note
-------+----------+-------------------------------------------
     0 | D:1      | bande the Gargoyle Fighter began the quest for the Orb.
     0 | D:1      | Reached XP level 1. HP: 14/14 MP: 1/1
    42 | D:1      | Found a faded altar of an unknown god.
   205 | D:1      | Reached XP level 2. HP: 19/19 MP: 2/2
   780 | D:2      | Found a blossoming altar of Fedhas.
  1099 | D:2      | Reached XP level 3. HP: 11/23 MP: 3/3
  1313 | D:2      | Identified the +1 leather armour of Dithmenos's Approval
                  | {-Cast rElec rC++ rCorr}
  1682 | D:3      | Found a blossoming altar of Fedhas.
  1905 | D:3      | Identified the +2 plate armour of Perfidy {+Blink rN++
                  | Dex+2}
  1908 | D:3      | Noticed Natasha
  1916 | D:2      | Reached XP level 4. HP: 28/28 MP: 4/4
  2133 | D:2      | Killed Natasha
  2253 | D:2      | Noticed Natasha
  2258 | D:2      | Killed Natasha
  2259 | D:2      | Reached skill level 1 in Evocations
  2259 | D:2      | Reached XP level 5. HP: 33/33 MP: 5/5
  2323 | D:2      | Noticed Natasha
  2333 | D:2      | Killed Natasha
  2637 | D:3      | Noticed Jessica
  2648 | D:3      | Killed Jessica
  2759 | D:3      | Noticed a moth of wrath
  2763 | D:3      | Found a bloodstained altar of Trog.
  2805 | D:3      | Reached XP level 6. HP: 38/38 MP: 6/6
  2965 | D:3      | Noticed Terence
  2976 | D:3      | Killed Terence
  3513 | D:4      | Noticed a black bear
  3523 | D:4      | Killed a black bear
  3594 | D:4      | Reached XP level 7. HP: 38/44 MP: 7/7
  4093 | D:5      | Entered Level 5 of the Dungeon
  4171 | D:5      | Reached skill level 5 in Axes
  4206 | D:5      | Reached skill level 5 in Armour
  4271 | D:5      | Noticed a slime creature
  4271 | D:5      | Noticed a slime creature
  4271 | D:5      | Noticed a slime creature
  4306 | D:6      | Reached XP level 8. HP: 12/48 MP: 8/8
  4650 | D:6      | Slain by a slime creature

Illustrated notes

Levels and vault maps discovered:
D:1:      dpeg_arrival_more_subterranean_lakeside_camping, layout_basic,
          ebering_ecumenical_altar_mist
D:2:      minmay_evil_eye, layout_basic, basic_altar
D:3:      layout_rooms, tgw_trog, lemuel_crystal_altar, minmay_unequal,
          uniq_natasha, uniq_jessica, uniq_terence
D:4:      layout_basic
D:5:      cheibrodos_fertilizer, layout_basic, led_sif_pool,
          minmay_temple_entry_purple_smoke, minivault_14, minmay_starry_boxes
D:6:      layout_loops_ring, mainiacjoe_overflow_concentric_impassable,
          nicolae_uskayaw_dance_hall, nicolae_overflow_hidden_temple

Skill      XL: |  1  2  3  4  5  6  7 |
---------------+----------------------+-----
Axes           | 2 3 4 5 |  5.5
Armour         | 4 5 |  5.1
Evocations     | 1 2 3 |  3.1
Fighting       | 4 |  4.9
Shields        | 4 |  4.2
Stealth        | |  0.1

Action                     |  1- 3 |  4- 6 |  7- 9 || total
---------------------------+-------+-------+-------++-------
  Melee: War axe           |   106 |   139 |    82 ||   327
    Use: Scroll            |     4 |     1 |     4 ||     9
         Potion            |       |       |     1 ||     1
 Armour: Scale mail        |    31 |       |       ||    31
         Plate armour      |    52 |   110 |   100 ||   262
  Dodge: Dodged            |    48 |    37 |    19 ||   104
  Block: Buckler           |    28 |    42 |    26 ||    96

Table legend: (Time is in decaauts)
 A = Elapsed time spent in this place.
 B = Non-inter-level travel time spent in this place.
 C = Inter-level travel time spent in this place.
 D = Time resting spent in this place.
 E = Time spent auto-exploring this place.
 F = Levels seen in this place.
 G = Mean time per level.
                   A        B        C        D        E       F      G
               +--------+--------+--------+--------+--------+-----+--------+
         Total |   4781 |   4650 |    131 |    978 |   2601 |   6 |  796.8 |
       Dungeon |   4781 |   4650 |    131 |    978 |   2601 |   6 |  796.8 |
               +--------+--------+--------+--------+--------+-----+--------+

Top non-repeatable levels by time:
     D:2: 1589 daAuts
     D:4: 942 daAuts
     D:3: 935 daAuts
     D:1: 741 daAuts
     D:6: 349 daAuts
     D:5: 222 daAuts
